 Dungeon Crawl Stone Soup version 0.31-a0-214-gb37851dbb3 (webtiles) character file.

Game seed: 15440125104945169030

534 qw the Chopper (level 7, 0/44 HPs)
             Began as a Gargoyle Fighter on July 1, 2023.
             Was an Initiate of Okawaru.
             Slain by an ogre
             ... wielding a +0 giant club
              (16 damage)
             ... on level 5 of the Dungeon.
             The game lasted 00:02:15 (3811 turns).

qw the Chopper (Gargoyle Fighter)                   Turns: 3811, Time: 00:02:15

Health: 0/44       AC: 15    Str: 27    XL:     7   Next: 25%
Magic:  7/7        EV: 10    Int:  9    God:    Okawaru [......]
Gold:   156        SH:  4    Dex:  9    Spells: 6/6 levels left

rFire   . . .        Y - +2 war axe (heavy)
rCold   . . .        c - +0 buckler
rNeg    + . .        b - +0 scale mail
rPois   inf          e - +2 helmet {SInv}
rElec   +            (no cloak)
rCorr   +            h - +0 pair of gloves
SInv    +            (no boots)
Will    .....        (no amulet) Stlth
                     i - ring of resist corrosion
HPRegen 0.27/turn    n - +6 ring of strength
MPRegen 0.10/turn

%: no passive effects
@: no status effects
A: sickness immunity, AC +4, negative energy resistance 1, electricity
resistance, torment resistance 1, petrification resistance
a: Renounce Religion


You were on level 5 of the Dungeon.
You worshipped Okawaru.
Okawaru was noncommittal.
You visited 2 branches of the dungeon, and saw 6 of its levels.

You collected 156 gold pieces.


Innate Abilities, Weirdness & Mutations

You are immune to sickness and miasma.
Your stone body is resilient. (AC +4)
You are immune to poison.
You resist negative energy. (rN+)
You are resistant to electric shocks. (rElec)
You are resistant to unholy torment.
You are immune to petrification.


   Skills:
 - Level 4.6 Fighting
 + Level 6.2 Axes
 - Level 3.2 Armour
 - Level 1.1 Dodging
 - Level 3.2 Shields


You had 6 spell levels left.
You didn't know any spells.
Your spell library was empty.

Inventory:

Hand Weapons
 l - the +9 hammer "Nevvussu" {flame, *Corrode rElec rN++ Str+4}
   (You found it on level 2 of the Dungeon)

   Str:       It affects your strength (+4).
   rElec:     It insulates you from electricity.
   rN:        It greatly protects you from negative energy.
   *Corrode:  It may corrode you when you take damage.
 Y - a +2 heavy war axe (weapon)
Armour
 b - a +0 scale mail (worn)
 c - a +0 buckler (worn)
 e - a +2 helmet of see invisible (worn)
 h - a +0 pair of gloves (worn)
Jewellery
 i - a ring of resist corrosion (left hand)
 n - a +6 ring of strength (right hand)
Scrolls
 o - a scroll of enchant armour {unknown}
 q - 2 scrolls of teleportation
Potions
 a - a potion of mutation {unknown}
 d - a potion of might
 f - 3 potions of curing
 g - a potion of enlightenment
 j - a potion of cancellation {unknown}
 k - a potion of haste {unknown}
 m - 2 potions of magic {unknown}

Dungeon Overview and Level Annotations

Branches:
Dungeon (5/15)             Temple (1/1) D:5

Altars:
Ashenzari
Cheibriados
Dithmenos
Fedhas
Gozag
Kikubaaqudgha
Makhleb
Nemelex Xobeh
Okawaru
Qazlal
Ru
Sif Muna
Trog
Wu Jian
Xom
Yredelemnul
Zin

Annotations:
D:2 1 runed translucent door, Crazy Yiuf
D:3 1 runed translucent door, qw's ghost, amateur GrHs


Message History

The iguana moves out of view.
There is a stone staircase leading down here.
Enter note:
Enter note:
Enter note:
Enter note:
Enter note:
Enter note:
Enter note:
Enter note:
Enter note:
Enter note:
Enter note:
Enter note: You barely miss the iguana.
The iguana bites you. The iguana closely misses you.
You slice the iguana!!
You kill the iguana!
Okawaru accepts your kill.
You start resting.
HP restored.
An ogre comes into view. It is wielding a +0 giant club.
Enter note:
Enter note:
Enter note:
Enter note:
Enter note:
Enter note: You barely miss the ogre.
You block the ogre's attack. The ogre hits you with a +0 giant club.
You hit the ogre.
The ogre is lightly wounded.
The ogre hits you with a +0 giant club!
You barely miss the ogre.
The ogre is lightly wounded.
The ogre hits you with a +0 giant club!
You barely miss the ogre.
The ogre is lightly wounded.
The ogre hits you with a +0 giant club!
You die...

#.###.#. ### #.###.#.
..# #....... #.#
#####.## #.# #...# #.#
#...# ###.### #...#
###.....# #####...#
#.O@#.#>####........
..........#.............
....#....##.####........
... ##....... ####.....
## .....##.## #.....
#.###.##.# #..... #.
#....# #..... # #.####
#...(. ###.##


You could see an ogre.

Vanquished Creatures
  2 black bears (D:5)
  An orc priest (D:5)
  5 iguanas
  Robin (D:2)
  3 gnolls (D:4)
  4 adders
  2 ufetubi (D:5)
  3 dart slugs
  3 orcs
  8 ball pythons
  4 endoplasms
  2 giant cockroaches
  17 goblins
  10 hobgoblins
  3 jackals (D:1)
  12 kobolds
  2 quokkas
  7 bats
  10 frilled lizards
  4 rats
103 creatures vanquished.

Vanquished Creatures (others)
  A kobold (D:2)
1 creature vanquished.

Grand Total: 104 creatures vanquished

Notes
Turn   | Place    | Note
-------+----------+-------------------------------------------
     0 | D:1      | qw the Gargoyle Fighter began the quest for the Orb.
     0 | D:1      | Reached XP level 1. HP: 14/14 MP: 1/1
     0 | D:1      | 0 ||| qw: Version: 0.3-a-32-g5962c71
     0 | D:1      | 0 ||| qw: Game counter: 7387
     0 | D:1      | 0 ||| qw: Melee chars always use a shield: true
     0 | D:1      | 0 ||| qw: God list: Okawaru
     0 | D:1      | 0 ||| qw: Allow faded altars: false
     0 | D:1      | 0 ||| qw: Do Orc after clearing Dungeon:15 true
     0 | D:1      | 0 ||| qw: Do second Lair branch before Depths: true
     0 | D:1      | 0 ||| qw: Lair rune preference: random
     0 | D:1      | 0 ||| qw: Goals: Normal, Zot:1-4, Slime:5, God:TSO, Crypt,
                  | Tomb, Abyss, Pan, Hells, Win
     0 | D:1      | 0 ||| PLANNING D:1-11
    37 | D:1      | Reached skill level 2 in Axes
   123 | D:1      | Reached XP level 2. HP: 18/19 MP: 2/2
   369 | D:1      | Found a faded altar of an unknown god.
   382 | D:1      | Reached skill level 3 in Axes
   426 | D:1      | Reached XP level 3. HP: 23/23 MP: 3/3
   864 | D:1      | 864 ||| READING scroll labelled EKOGGEI ADWOEM.
   878 | D:1      | 878 ||| READING scroll labelled ICOBAU XIEFUD.
   879 | D:1      | 879 ||| READING scroll labelled JEKHIH AQ UMPI.
   880 | D:1      | 880 ||| DRINKING 3 viscous yellow potions.
   914 | D:2      | 914 ||| Stepping ~*~*~tactically~*~*~ (stealth).
   916 | D:2      | 916 ||| Stepping ~*~*~tactically~*~*~ (hiding).
   991 | D:2      | Noticed Robin
  1005 | D:2      | Killed Robin
  1006 | D:2      | Reached skill level 4 in Axes
  1006 | D:2      | Reached XP level 4. HP: 7/28 MP: 4/4
  1006 | D:2      | HP: 5/28 [something (2)]
  1011 | D:2      | HP: 4/28 [goblin/sling bullet[Robin] (3)]
  1189 | D:2      | 1189 ||| DROPPING +0 club.
  1398 | D:2      | 1398 ||| DROPPING +0 whip.
  1399 | D:2      | Identified the +9 hammer "Nevvussu" {flame, *Corrode rElec
                  | rN++ Str+4}
  1401 | D:2      | 1401 ||| DROPPING +0 hammer.
  1402 | D:2      | Found a runed translucent door.
  1404 | D:2      | 1404 ||| DROPPING +0 hammer of protection.
  1405 | D:2      | Noticed Crazy Yiuf
  1409 | D:2      | 1409 ||| DROPPING +0 hammer of protection.
  1483 | D:2      | 1483 ||| UPGRADING to +2 helmet of see invisible.
  1488 | D:2      | 1488 ||| UPGRADING to +0 pair of gloves.
  1493 | D:2      | 1493 ||| UPGRADING to ring of resist corrosion.
  1494 | D:2      | 1494 ||| UPGRADING to +6 ring of strength.
  1495 | D:2      | 1495 ||| READING scroll labelled WYS ZA CUJOGA.
  1557 | D:2      | 1557 ||| READING scroll labelled FYLUTS GILO.
  1558 | D:2      | 1558 ||| READING scroll labelled YNOBLIVV NICEP.
  1559 | D:2      | 1559 ||| DROPPING potion of invisibility.
  1626 | D:3      | 1626 ||| Stepping ~*~*~tactically~*~*~ (hiding).
  1628 | D:3      | 1628 ||| Stepping ~*~*~tactically~*~*~ (hiding).
  1629 | D:3      | 1629 ||| Stepping ~*~*~tactically~*~*~ (hiding).
  1752 | D:3      | 1752 ||| DROPPING +0 flail of draining.
  1990 | D:3      | Found a runed translucent door.
  2004 | D:3      | Noticed qw's ghost (amateur GrHs)
  2164 | D:4      | Reached XP level 5. HP: 31/32 MP: 5/5
  2167 | D:4      | HP: 8/32 [iguana (4)]
  2205 | D:4      | 2205 ||| FLEEEEING.
  2206 | D:4      | 2206 ||| FLEEEEING.
  2207 | D:4      | 2207 ||| FLEEEEING.
  2208 | D:4      | 2208 ||| FLEEEEING.
  2213 | D:4      | 2213 ||| STAIRDANCE
  2370 | D:4      | Reached skill level 5 in Axes
  2475 | D:4      | Reached skill level 1 in Dodging
  2835 | D:4      | 2835 ||| DROPPING orb of guile.
  2836 | D:4      | 2836 ||| READING scroll labelled GOECRAHYSIF.
  2837 | D:4      | 2837 ||| READING scroll labelled JUDIOHU VIACKO.
  2838 | D:4      | 2838 ||| READING scroll labelled JAXTAFROER.
  2839 | D:4      | 2839 ||| READING scroll labelled YMIOKHLA KYOCKY.
  2867 | D:5      | Entered Level 5 of the Dungeon
  2958 | D:5      | Noticed a black bear
  2962 | D:5      | Killed a black bear
  2963 | D:5      | Reached XP level 6. HP: 29/39 MP: 6/6
  3121 | D:5      | Noticed a black bear
  3138 | D:5      | Killed a black bear
  3139 | D:5      | Reached XP level 7. HP: 31/44 MP: 7/7
  3190 | D:5      | 3190 ||| READING scroll of enchant weapon.
  3190 | D:5      | 3190 ||| ENCHANTING +1 heavy war axe.
  3193 | D:5      | Found a staircase to the Ecumenical Temple.
  3194 | D:5      | 3194 ||| PLANNING TEMPLE
  3194 | D:5      | 3194 ||| Stepping ~*~*~tactically~*~*~ (hiding).
  3198 | D:5      | Reached skill level 6 in Axes
  3298 | D:5      | 3298 ||| DRINKING 2 bubbling pink potions.
  3305 | Temple   | Entered the Ecumenical Temple
  3392 | Temple   | 3392 ||| PLANNING OKAWARU WORSHIP
  3453 | Temple   | Became a worshipper of Warmaster Okawaru
  3454 | Temple   | 3454 ||| PLANNING D:1-11
  3811 | D:5      | Slain by an ogre

Levels and vault maps discovered:
D:1:      wander_arrival_desolate, layout_basic,
          hellmonk_ecumenical_altar_pennies_from_heaven,
          grunt_decor_mini_mirrors
D:2:      layout_rooms, uniq_crazy_yiuf_cottage, uniq_robin
D:3:      layout_rooms, ebering_ghost_reflecting_pool
D:4:      layout_cave_pools, minmay_statues_item
D:5:      layout_loops_cross, minmay_temple_entry_proselytizer,
          ebering_ghost_gozag, serial_shops, shop
Temple:   minmay_crystal_spiral_temple

Skill      XL: |  1  2  3  4  5  6  7 |
---------------+----------------------+-----
Axes           | 2 3 4 5 6 |  6.2
Dodging        | 1 |  1.1
Fighting       | 4 |  4.6
Armour         | |  3.2
Shields        | |  3.2

Action                     |  1- 3 |  4- 6 |  7- 9 || total
---------------------------+-------+-------+-------++-------
  Melee: War axe           |   127 |   139 |    20 ||   286
    Use: Scroll            |     3 |     7 |     1 ||    11
         Potion            |     1 |       |     1 ||     2
 Armour: Scale mail        |    80 |   126 |    17 ||   223
  Dodge: Dodged            |    60 |   102 |    14 ||   176
  Block: Buckler           |    25 |    34 |     7 ||    66

Table legend:
 A = Non-vault XP
 B = Vault XP
 C = Vault XP percentage of total XP
 D = Non-vault monster count
 E = Vault monster count
 F = Vault count percentage of total count
                 A         B        C        D         E       F
            +---------+---------+-------+---------+---------+-------
      Total |     683 |      81 |  10.6 |      89 |      14 |  13.6
            +---------+---------+-------+---------+---------+-------
        D:1 |      46 |       0 |   0.0 |      30 |       0 |   0.0
        D:2 |      26 |      40 |  60.6 |      16 |      13 |  44.8
        D:3 |      29 |       0 |   0.0 |      16 |       0 |   0.0
        D:4 |     160 |       0 |   0.0 |      16 |       0 |   0.0
        D:5 |     422 |      41 |   8.9 |      11 |       1 |   8.3
            +---------+---------+-------+---------+---------+-------
